 Dungeon Crawl Stone Soup version 0.26.0-8-g74fc34ddfb (webtiles) character file.

Game seed: 10765027703800585380

30 lastplaneout the Magician (level 3, 0/27 HPs)
             Began as a Palentonga Hedge Wizard on Jan 13, 2021.
             Slain by an adder (4 damage)
             ... on level 1 of the Dungeon.
             The game lasted 00:03:37 (1259 turns).

lastplaneout the Magician (Palentonga Hedge Wizard) Turns: 1259, Time: 00:03:37

Health: 0/27       AC:  4    Str: 13    XL:     3   Next: 3%
Magic:  2/7        EV: 10    Int: 15    God:
Gold:   45         SH:  0    Dex:  9    Spells: 1/8 levels left

rFire    . . .     SeeInvis +   a - +0 dagger
rCold    . . .     Faith    .   (no shield)
rNeg     . . .     Spirit   .   b - +0 robe
rPois    .         Reflect  .   c - +0 hat
rElec    .         Harm     .   (no cloak)
rCorr    .         Rampage  .   (no gloves)
Will     .....                  (no barding)
Stlth    +.........             (no amulet)
HPRegen  0.09/turn              (no ring)
MPRegen  0.10/turn              (no ring)

@: lethally poisoned (0 -> -4)
A: large, rugged brown scales 3, see invisible, deformed body, roll 1, armoured
tail
a: Rolling Charge


You were on level 1 of the Dungeon.
You visited 1 branch of the dungeon, and saw 2 of its levels.

You collected 45 gold pieces.

Inventory:

Hand Weapons
 a - a +0 dagger (weapon)
Armour
 b - a +0 robe (worn)
 c - a +0 hat (worn)
Jewellery
 e - an uncursed amulet of reflection {unknown}
Scrolls
 g - a scroll of identify {unknown}
Potions
 d - 2 potions of cancellation {unknown}
 f - a potion of haste {unknown}
 h - 2 potions of ambrosia {unknown}


   Skills:
 - Level 1.5 Dodging
 - Level 1.2 Stealth
 - Level 3.0 Spellcasting
 + Level 2.5 Conjurations
 + Level 1.0 Summonings
 + Level 1.1 Translocations


You had one spell level left.
You knew the following spells:

 Your Spells              Type           Power        Failure   Level
a - Magic Dart            Conj           36%          7%          1
b - Blink                 Tloc           N/A          19%         2
c - Call Imp              Summ           5%           21%         2
d - Slow                  Hex            2%           30%         2

Your spell library contained the following spells:

 Spells                   Type           Power        Failure   Level
 Conjure Flame            Conj/Fire      6%           34%         3
 Mephitic Cloud           Conj/Pois/Air  4%           38%         3


Dungeon Overview and Level Annotations

Branches:
Dungeon (2/15)

Altars:


Innate Abilities, Weirdness & Mutations

You are completely covered in rugged brown scales. (AC +3, +7% HP)
You have supernaturally acute eyesight. (SInv)
Armour fits poorly on your strangely shaped body.
You can roll at nearby foes to attack.
You have a long armoured tail.


Message History

Your crimson imp blinks!
You feel sick.
You feel sick. The adder bites you.
You feel sick.
Your crimson imp completely misses the adder.
Your crimson imp barely misses the adder.
You feel sick. The adder bites you.
* * * LOW HITPOINT WARNING * * *
Your magical contamination has completely faded away.
You miss the adder. The adder barely misses you.
Your crimson imp hits the adder.
You hit the adder.
The adder is moderately wounded.
* * * LOW HITPOINT WARNING * * *
You feel sick. The adder barely misses you.
Your crimson imp hits the adder.
The adder closely misses you.
You hit the adder but do no damage.
The adder is heavily wounded.
The adder bites you.
You die...

##.## ####..####.# # #..#
#......# #.# ######.###.##...#
### ..#.....#..(..#(####
#..................#
#................#.###
#..........(.....#...#
#.....>..........###.#
#.............5S@....#
#................###.#
#....................##########
##.............####...........###
##.....#.....## ###..)..#......
############# ##.............
#.............. #..............
#..............


You could see an adder and a friendly crimson imp (summoned).

Vanquished Creatures
  2 dart slugs (D:1)
  2 bats (D:1)
  4 goblins (D:1)
  5 hobgoblins (D:1)
  2 jackals (D:1)
  5 kobolds (D:1)
  3 rats (D:1)
23 creatures vanquished.

Notes
Turn   | Place    | Note
-------+----------+-------------------------------------------
     0 | D:1      | lastplaneout the Palentonga Hedge Wizard began the quest
                  | for the Orb.
     0 | D:1      | Reached XP level 1. HP: 14/14 MP: 4/4
    10 | D:1      | Reached skill level 1 in Conjurations
   404 | D:1      | Reached skill level 1 in Summonings
   501 | D:1      | Reached XP level 2. HP: 15/21 MP: 3/6
   524 | D:1      | Learned a level 2 spell: Blink
   527 | D:1      | Learned a level 2 spell: Call Imp
   530 | D:1      | Learned a level 2 spell: Slow
  1145 | D:1      | Reached XP level 3. HP: 27/27 MP: 4/7
  1259 | D:1      | Slain by an adder

Illustrated notes

Levels and vault maps discovered:
D:1:      mrwooster_arrival_statue_2, layout_rooms
D:2:      layout_loops_cross, lemuel_round_altar, serial_bayou,
          serial_bayou_pond_a, serial_bayou_shore_a, serial_bayou_ford_a,
          serial_bayou_pond_e, serial_bayou_lake_a, minmay_misc_feat_diagonals,
          minmay_misc_feat_encased, nrook_mini_backslash,
          minmay_misc_feat_rugged, minmay_misc_feat_columns,
          mrwooster_statue_mirror

Skill      XL: |  1  2 |
---------------+-------+-----
Conjurations   | 1 2 |  2.5
Summonings     | 1 |  1.0
Dodging        | |  1.5
Stealth        | |  1.2
Spellcasting   | |  3.0
Translocations | |  1.1

Action                   || total
-------------------------++-------
Melee: Dagger            ||    66
       Tailslap          ||     2
 Cast: Magic Dart        ||    38
       Blink             ||     1
       Call Imp          ||     1
Armor: Robe              ||    20
Dodge: Dodged            ||    38
